 Dungeon Crawl Stone Soup version 0.29-a0-334-gb41bcbb86e (webtiles) character file.

Game seed: 10745066424087822867

18447 sammy202020 the Fighter (level 12, -8/103 HPs)
             Began as a Demonspawn Berserker on Apr 16, 2022.
             Was a High Priest of Trog.
             Shot with an arrow by Nessos (15 damage)
             ... on level 12 of the Dungeon.
             The game lasted 00:24:01 (10189 turns).

sammy202020 the Fighter (Demonspawn Berserker)     Turns: 10189, Time: 00:24:01

Health: -8/103     AC: 23    Str: 19    XL:     12   Next: 27%
Magic:  12/12      EV: 10    Int: 10    God:    Trog [*****.]
Gold:   655        SH:  7    Dex: 14    Spells: 11/11 levels left

rFire   . . .      SeeInvis +   b - +1 war axe (flame)
rCold   . . .      Faith    .   H - +2 buckler {AC+3}
rNeg    + . .      Spirit   .   f - +2 plate armour
rPois   +          Reflect  .   (helmet restricted)
rElec   .          Harm     .   t - +2 ratskin cloak {*Rats rPois rN+ Str-1 Int-1 Dex+1}
rCorr   +          Rampage  .   (no gloves)
Will    ++...                   r - +0 pair of boots
Stlth   ..........              h - amulet of Conformity {RegenMP Slay+5}
HPRegen 1.27/turn               M - ring of resist corrosion
MPRegen 0.53/turn               k - ring of see invisible

@: lethally poisoned (-8 -> -8), strong-willed, on berserk cooldown,
regenerating, slowed, repel missiles, very slow
A: horns 2, repulsion field 3, powered by death 2, powered by pain 1, bedeviling
a: Renounce Religion, Berserk, Trog's Hand, Brothers in Arms


You were on level 12 of the Dungeon.
You worshipped Trog.
Trog was extremely pleased with you.
You visited 1 branch of the dungeon, and saw 12 of its levels.

You collected 655 gold pieces.

Inventory:

Hand Weapons
 b - a +1 war axe of flaming (weapon)
 G - a +4 executioner's axe
 K - the +9 heavy crossbow "Sniper" {vorpal, Acc+∞ SInv}
   (You found it on level 9 of the Dungeon)

   Any ammunition fired from it inflicts extra damage upon your enemies.
   Any ammunition fired from it never misses its target.
   SInv:      It lets you see invisible.
 S - a +1 broad axe of flaming
Missiles
 g - 5 boomerangs (quivered)
 i - 12 poisoned darts
 q - 8 throwing nets
Armour
 f - a +2 plate armour (worn)
 p - a +4 ring mail of fire resistance
 r - a +0 pair of boots (worn)
 t - the +2 ratskin cloak (worn) {*Rats rPois rN+ Str-1 Int-1 Dex+1}
   (You found it on level 5 of the Dungeon)

   When the wearer is hurt, rats may emerge from it to assist them.
   Str:       It affects your strength (-1).
   Int:       It affects your intelligence (-1).
   Dex:       It affects your dexterity (+1).
   rPois:     It protects you from poison.
   rN:        It protects you from negative energy.
 H - a +2 buckler of protection (worn)
Jewellery
 c - a +4 ring of evasion
 h - the amulet of Conformity (around neck) {RegenMP Slay+5}
   (You found it on level 2 of the Dungeon)

   [amulet of magic regeneration]

   It increases your rate of magic regeneration.
   Slay:      It affects your accuracy & damage with ranged weapons and melee
   (+5).
 k - a ring of see invisible (right hand)
 s - an amulet of reflection
 D - a +6 ring of dexterity
 E - a ring of magical power
 M - a ring of resist corrosion (left hand)
 R - a ring of protection from fire
Wands
 u - a wand of iceblast (12)
 A - a wand of acid (4)
 F - a wand of polymorph (16)
 P - a wand of paralysis (1)
Scrolls
 a - 2 scrolls of fog
 o - 4 scrolls of teleportation
 y - 3 scrolls of magic mapping
 B - a scroll of silence
 I - a scroll of fear
 J - a scroll of blinking
Potions
 e - a potion of haste
 j - 3 potions of heal wounds
 l - 2 potions of might
 m - 15 potions of curing
 v - 2 potions of attraction
 w - a potion of berserk rage
 x - a potion of invisibility {unknown}
 z - 3 potions of lignification
 C - a potion of mutation {unknown}
 L - a potion of degeneration {unknown}
 N - a potion of cancellation {unknown}
 O - 2 potions of flight {unknown}
 Q - 2 potions of magic {unknown}
Miscellaneous
 d - a piece from Xom's chessboard (15/15)
 n - a phantom mirror


   Skills:
 * Level 12.8 Fighting
 * Level 11.8 Axes
 + Level 8.3 Armour
 - Level 1.7 Dodging
 + Level 3.9 Shields
 + Level 3.1 Evocations


You had 11 spell levels left.
You didn't know any spells.
Your spell library was empty.

Dungeon Overview and Level Annotations

Branches:
Dungeon (12/15)            Temple (0/1) D:6            Lair (0/6) D:11
    Orc: D:9-12

Altars:
Cheibriados
Makhleb
Qazlal

Shops:
D:10 :

Annotations:
D:12 Nessos


Innate Abilities, Weirdness & Mutations

You have a pair of horns on your head.
You are surrounded by a strong repulsion field. (EV +4, RMsl)
You regenerate health from kills.
You sometimes gain a little power by taking damage.
Your hexes are more powerful.


Message History

You are no longer poisoned.
Nessos shoots an arrow.
The arrow hits you.
* * * LOW HITPOINT WARNING * * *
The arrow burns you.
* * * LOW HITPOINT WARNING * * *
Nessos mumbles some strange words.
Nessos blinks!
Nessos shoots an arrow.
The arrow hits you but does no damage.
Nessos shoots an arrow.
The arrow barely misses you.
Nessos shoots an arrow.
The arrow hits you.
* * * LOW HITPOINT WARNING * * *
The arrow burns you.
* * * LOW HITPOINT WARNING * * *
Nessos casts a spell.
Nessos blinks!
Nessos shoots an arrow.
Keep disrobing? [Y]es or [N]o only, please.
Keep disrobing?
The arrow hits you.
* * * LOW HITPOINT WARNING * * *
The arrow burns you.
You are poisoned.
* * * LOW HITPOINT WARNING * * *
Nessos mumbles some strange words.
Nessos blinks!
You start removing your amulet.
You continue taking off the amulet of Conformity {RegenMP Slay+5}.
You feel very sick.
Nessos mumbles some strange words.
Nessos blinks!
Nessos gestures wildly while chanting.
Nessos blinks!
Nessos shoots an arrow.
You block the arrow.
You continue taking off the amulet of Conformity {RegenMP Slay+5}.
You feel sick.
Nessos shoots an arrow.
The arrow completely misses you.
Nessos shoots an arrow.
The arrow barely misses you.
Nessos casts a spell.
Nessos blinks!
You continue taking off the amulet of Conformity {RegenMP Slay+5}.
You feel sick.
Nessos is no longer moving quickly.
Nessos shoots an arrow.
The arrow hits you!
You die...

#..$...>$..#.##
#......†...$..#####
#....c.....#......#
#......§...#.####.#
#.........<#..#
#..........##.#
######.#.### .#
#.#... .# #@###.#
.# #.# .# .# ... #
.. #.#.# #. .# #.
.# #. .# #. .#


You could see Nessos.

Vanquished Creatures
  Josephine (D:11)
  3 hydras
  3 centaur warriors (D:9)
  A two-headed ogre (D:10)
  A tengu warrior (D:11)
  A wizard (D:9)
  Pikel (D:6)
  An ugly thing (D:10)
  2 oklob plants (D:11)
  3 cyclopes (D:11)
  A troll (D:10)
  Sigmund (D:6)
  2 vampires (D:9)
  2 wyverns
  8 wraiths
  12 yaks
  2 basilisks
  3 vampire mosquitoes
  A steam dragon (D:8)
  5 acid dragons
  2 water moccasins (D:7)
  An ice beast (D:7)
  A black bear (D:7)
  2 ogres
  4 orc warriors
  A phantom (D:4)
  3 centaurs
  A lemure (D:6)
  A kobold brigand (D:4)
  A bullfrog (D:8)
  A gnoll sergeant (D:10)
  2 scorpions
  8 wights
  9 killer bees
  An electric eel (D:11)
  2 hounds (D:5)
  A jelly (D:5)
  4 orc priests
  Crazy Yiuf (D:5)
  A gnoll shaman (D:8)
  3 iguanas
  Ijyb (D:5)
  4 hell rats (D:5)
  5 orc wizards
  17 gnolls
  6 adders
  15 river rats (D:5)
  A shadow imp (D:8)
  2 white imps
  2 ufetubi
  A worm (D:4)
  2 dart slugs
  33 orcs
  7 endoplasms
  3 giant cockroaches
  3 hobgoblins
  7 jackals
  8 kobolds
  A quokka (D:5)
  8 ball pythons
  9 bats
  7 frilled lizards
  13 goblins
  7 rats
266 creatures vanquished.

Vanquished Creatures (collateral kills)
  A boulder beetle (D:11)
  A two-headed ogre (D:9)
  2 yaks (D:9)
  A wight (D:8)
  A killer bee (D:9)
  A gnoll (D:5)
  A dart slug (D:5)
  An endoplasm (D:2)
9 creatures vanquished.

Vanquished Creatures (others)
  6 plants
6 creatures vanquished.

Grand Total: 281 creatures vanquished

Notes
Turn   | Place    | Note
-------+----------+-------------------------------------------
     0 | D:1      | sammy202020 the Demonspawn Berserker began the quest for
                  | the Orb.
     0 | D:1      | Reached XP level 1. HP: 18/18 MP: 1/1
   274 | D:1      | Gained mutation: You are surrounded by a mild repulsion
                  | field. (EV +2) [demonic ancestry]
   274 | D:1      | Reached XP level 2. HP: 20/24 MP: 2/2
  1067 | D:1      | Reached XP level 3. HP: 26/29 MP: 3/3
  1447 | D:2      | Reached ** piety under Trog
  2462 | D:2      | Identified the amulet of Conformity {RegenMP Slay+5}
  2552 | D:3      | Found a faded altar of an unknown god.
  2556 | D:3      | Gained mutation: You regenerate a little health from kills.
                  | [demonic ancestry]
  2556 | D:3      | Reached XP level 4. HP: 35/37 MP: 4/4
  2674 | D:3      | Reached skill level 4 in Fighting
  2705 | D:3      | Gained mutation: You are surrounded by a moderate repulsion
                  | field. (EV +3) [demonic ancestry]
  2705 | D:3      | Reached XP level 5. HP: 24/43 MP: 5/5
  3490 | D:4      | Reached *** piety under Trog
  3668 | D:4      | Gained mutation: You are surrounded by a strong repulsion
                  | field. (EV +4, RMsl) [demonic ancestry]
  3668 | D:4      | Reached XP level 6. HP: 50/50 MP: 6/6
  3767 | D:4      | Reached skill level 5 in Fighting
  4020 | D:4      | Reached skill level 5 in Axes
  4020 | D:4      | Gained mutation: You regenerate health from kills. [demonic
                  | ancestry]
  4020 | D:4      | Reached XP level 7. HP: 56/56 MP: 7/7
  4296 | D:5      | Entered Level 5 of the Dungeon
  4389 | D:5      | Reached **** piety under Trog
  4412 | D:5      | Reached skill level 6 in Fighting
  4434 | D:5      | Found the +2 ratskin cloak {*Rats rPois rN+ Str-1 Int-1
                  | Dex+1}
  4504 | D:5      | Noticed Ijyb
  4515 | D:5      | Killed Ijyb
  4609 | D:5      | Reached XP level 8. HP: 48/65 MP: 8/8
  4842 | D:5      | Found a runed translucent door.
  4843 | D:5      | Noticed Crazy Yiuf
  4867 | D:5      | Killed Crazy Yiuf
  4944 | D:5      | Reached skill level 7 in Fighting
  5162 | D:6      | Noticed Pikel
  5172 | D:6      | Killed Pikel
  5173 | D:6      | Found a staircase to the Ecumenical Temple.
  5255 | D:6      | Noticed Sigmund
  5260 | D:6      | Killed Sigmund
  5261 | D:6      | Reached skill level 8 in Fighting
  5261 | D:6      | Reached skill level 5 in Armour
  5261 | D:6      | Gained mutation: You have a pair of small horns on your
                  | head. [demonic ancestry]
  5261 | D:6      | Reached XP level 9. HP: 74/74 MP: 9/9
  6253 | D:8      | Reached ***** piety under Trog
  6271 | D:8      | Reached skill level 9 in Fighting
  6383 | D:8      | Found a burning altar of Makhleb.
  6385 | D:8      | Found a stormy altar of Qazlal.
  6979 | D:9      | Gained mutation: You have a pair of horns on your head.
                  | [demonic ancestry]
  6979 | D:9      | Reached XP level 10. HP: 58/84 MP: 10/10
  7056 | D:9      | Noticed a centaur warrior
  7057 | D:9      | Noticed a four-headed hydra
  7057 | D:9      | Noticed a centaur warrior
  7058 | D:9      | Noticed a two-headed ogre
  7058 | D:9      | Noticed a centaur warrior
  7068 | D:9      | Killed a centaur warrior
  7069 | D:9      | Reached skill level 10 in Fighting
  7074 | D:9      | Killed a centaur warrior
  7078 | D:9      | Killed a one-headed hydra
  7080 | D:9      | Noticed a wizard
  7088 | D:9      | HP: 2/86 [two-headed ogre/+0 giant spiked club (12)]
  7089 | D:9      | Killed a two-headed ogre
  7092 | D:9      | Killed a wizard
  7093 | D:9      | Reached skill level 10 in Axes
  7110 | D:9      | Killed a centaur warrior
  7111 | D:9      | Reached skill level 11 in Fighting
  7347 | D:9      | Found the +9 heavy crossbow "Sniper" {vorpal, Acc+∞ SInv}
  7428 | D:9      | Received a gift from Trog
  7664 | D:9      | Gained mutation: You sometimes gain a little power by
                  | taking damage. [demonic ancestry]
  7664 | D:9      | Reached XP level 11. HP: 93/93 MP: 11/11
  7975 | D:9      | Reached skill level 1 in Shields
  8302 | D:10     | Entered Level 10 of the Dungeon
  8311 | D:10     | Noticed a green ugly thing
  8331 | D:10     | Killed a green ugly thing
  8464 | D:10     | Noticed a two-headed ogre
  8473 | D:10     | Killed a two-headed ogre
  8730 | D:10     | Found Mesadiut's Book Shop.
  8913 | D:10     | Reached skill level 12 in Fighting
  9116 | D:11     | Noticed an oklob plant
  9117 | D:11     | Found a staircase to the Lair.
  9121 | D:11     | Noticed an oklob plant
  9127 | D:11     | Killed an oklob plant
  9128 | D:11     | Reached skill level 1 in Evocations
  9130 | D:11     | Killed an oklob plant
  9222 | D:11     | Found a snail-covered altar of Cheibriados.
  9436 | D:11     | Noticed a boulder beetle
  9444 | D:11     | Killed a boulder beetle
  9674 | D:11     | Noticed a tengu warrior
  9685 | D:11     | Killed a tengu warrior
  9714 | D:11     | Gained mutation: Your hexes are more powerful. [demonic
                  | ancestry]
  9714 | D:11     | Reached XP level 12. HP: 81/103 MP: 12/12
  9853 | D:11     | Noticed Josephine
  9864 | D:11     | Killed Josephine
  9871 | D:11     | Received a gift from Trog
  9933 | D:11     | Noticed a seven-headed hydra
  9938 | D:11     | Killed a five-headed hydra
 10142 | D:12     | Noticed Nessos
 10150 | D:12     | Noticed a four-headed hydra
 10158 | D:12     | Killed a one-headed hydra
 10189 | D:12     | Shot with an arrow by Nessos

Illustrated notes

Levels and vault maps discovered:
D:1:      matt_arrival_spirals, layout_basic
D:2:      layout_loops_ring
D:3:      layout_basic, ebering_ecumenical_altar_abandoned
D:4:      minmay_octagon_keep, layout_loops_ring, minmay_misc_feat_square,
          lexackson_kobold_supper
D:5:      wander_guarded_unrand_ratskin, layout_basic, uniq_crazy_yiuf_cottage,
          uniq_ijyb
D:6:      layout_rooms, minmay_temple_entry_drinking_statues, uniq_pikel,
          uniq_sigmund
D:7:      layout_rooms
D:8:      layout_loops_ring, chequers_temple_overflow_statue_of_worship,
          chequers_mini_garden
D:9:      layout_irregular_city, serial_glass, glass_columns_a, glass_columns_c,
          minmay_strange_pillars, item_on_display_a, minmay_the_grid_2x2
          [minmay_the_grid_fan, minmay_the_grid_slots,
          minmay_the_grid_minigrid_small_alt, minmay_the_grid_prize_trominoes]
D:10:     layout_rooms, serial_shops, nicolae_shop_advertising_works
          [nicolae_subvault_shop_adworks]
D:11:     layout_long_grid, dpeg_oklobed_lair, kennysheep_flooded_box,
          minmay_between, uniq_josephine
D:12:     layout_rooms, orc_0_dummy, nicolae_elyvilon_peaceful_grove,
          uniq_nessos

Skill      XL: |  1  2  3  4  5  6  7  8  9 10 11 12 |
---------------+-------------------------------------+-----
Axes           | 3 4 5 6 7 8 10 11 | 11.8
Armour         | 2 3 4 5 6 7 8 |  8.3
Fighting       | 4 5 6 8 9 11 12 | 12.8
Shields        | 3 |  3.9
Evocations     | 2 3 |  3.1
Dodging        | |  1.7

Action                   |  1- 3 |  4- 6 |  7- 9 | 10-12 || total
-------------------------+-------+-------+-------+-------++-------
Melee: Hand axe          |   112 |       |       |       ||   112
       War axe           |    13 |    91 |   148 |   250 ||   502
       Punch             |       |       |     6 |       ||     6
       Battleaxe         |       |       |   112 |     7 ||   119
       Headbutt          |       |       |    24 |    55 ||    79
Throw: Boomerang         |       |       |       |     2 ||     2
Invok: Trog's Hand       |       |       |     1 |     5 ||     6
       Berserk           |       |       |     1 |     5 ||     6
  Use: Scroll            |     9 |     3 |    12 |     4 ||    28
       Potion            |       |       |       |     4 ||     4
 Stab: Sleeping          |     1 |       |       |       ||     1
Armor: Animal skin       |     7 |       |       |       ||     7
       Leather armour    |    21 |       |       |       ||    21
       Plate armour      |     8 |    31 |   117 |   218 ||   374
Dodge: Dodged            |   139 |    58 |   204 |   170 ||   571
       Repelled          |       |       |     1 |     1 ||     2
Block: Buckler           |       |       |       |    88 ||    88

Table legend: (Time is in decaauts)
 A = Elapsed time spent in this place.
 B = Non-inter-level travel time spent in this place.
 C = Inter-level travel time spent in this place.
 D = Time resting spent in this place.
 E = Time spent auto-exploring this place.
 F = Levels seen in this place.
 G = Mean time per level.
                   A        B        C        D        E       F      G
               +--------+--------+--------+--------+--------+-----+--------+
         Total |  10391 |  10060 |    331 |    231 |   7741 |  12 |  865.9 |
       Dungeon |  10391 |  10060 |    331 |    231 |   7741 |  12 |  865.9 |
               +--------+--------+--------+--------+--------+-----+--------+

Top non-repeatable levels by time:
     D:9: 1441 daAuts
     D:1: 1426 daAuts
    D:11: 1180 daAuts
     D:2: 1133 daAuts
     D:3: 950 daAuts
     D:4: 836 daAuts
     D:8: 817 daAuts
     D:5: 748 daAuts
    D:10: 712 daAuts
     D:7: 567 daAuts
     D:6: 524 daAuts
    D:12: 52 daAuts
